 Dungeon Crawl Stone Soup version 0.30.0-29-ga12c61a403 (webtiles) character file.

Game seed: 13816066995739010096

49 qw the Chopper (level 3, -4/23 HPs)
             Began as a Gargoyle Fighter on June 5, 2023.
             Killed from afar by an orc wizard (12 damage)
             ... with a puff of flame
             ... on level 3 of the Dungeon.
             The game lasted 00:00:36 (1148 turns).

qw the Chopper (Gargoyle Fighter)                   Turns: 1148, Time: 00:00:37

Health: -4/23      AC: 12    Str: 21    XL:     3   Next: 77%
Magic:  3/3        EV:  7    Int:  8    God:
Gold:   79         SH:  4    Dex:  9    Spells: 2/2 levels left

rFire   . . .        Y - +0 war axe
rCold   . . .        c - +0 buckler
rNeg    + . .        f - +0 chain mail
rPois   inf          (no helmet)
rElec   +            (no cloak)
rCorr   .            (no gloves)
SInv    .            (no boots)
Will    .....        (no amulet) Stlth
                     (no ring)
HPRegen 0.23/turn    (no ring)
MPRegen 0.08/turn

%: no passive effects
@: no status effects
A: sickness immunity, AC +3, negative energy resistance 1, electricity
resistance, torment resistance 1, petrification resistance
a: no special abilities


You were on level 3 of the Dungeon.
You visited 1 branch of the dungeon, and saw 3 of its levels.

You collected 79 gold pieces.


Innate Abilities, Weirdness & Mutations

You are immune to sickness and miasma.
Your stone body is resilient. (AC +3)
You are immune to poison.
You resist negative energy. (rN+)
You are resistant to electric shocks. (rElec)
You are resistant to unholy torment.
You are immune to petrification.


   Skills:
 - Level 3.2 Fighting
 + Level 3.6 Axes
 - Level 3.2 Armour
 - Level 3.2 Shields


You had 2 spell levels left.
You didn't know any spells.
Your spell library was empty.

Inventory:

Hand Weapons
 h - a +0 whip
 Y - a +0 war axe (weapon)
Armour
 c - a +0 buckler (worn)
 f - a +0 chain mail (worn)
Potions
 d - a potion of might
 e - a potion of degeneration {unknown}
 g - a potion of brilliance {unknown}

Dungeon Overview and Level Annotations

Branches:
Dungeon (3/15)

Altars:


Message History

You barely miss something.
Something hits you but does no damage. x2
You miss something. You block something's attack.
You miss something.
You hear some strange, mumbled words.
A puff of flame appears from out of thin air!
The puff of flame hits you but does no damage.
Something hits you but does no damage.
You barely miss something. Something hits you but does no damage.
You closely miss something.
You hear some strange, mumbled words.
Something tries to affect you, but you resist.
You closely miss something. Something hits you but does no damage.
You closely miss something. Something hits you but does no damage.
Something hits you.
You closely miss something. Something hits you but does no damage.
You hit something but do no damage. Something hits you.
You barely miss something. Something hits you but does no damage.
Something completely misses you.
You barely miss something. Something hits you but does no damage.
You barely miss something. Something hits you but does no damage.
You hit something.
You hear some strange, mumbled words.
A puff of flame appears from out of thin air!
The puff of flame hits you! Something hits you but does no damage.
You miss something. You block something's attack.
You closely miss something.
You hear some strange, mumbled words.
A puff of flame appears from out of thin air!
The puff of flame hits you!
Ouch! That really hurt!
You die...

.# ### o#
...) .# ##..#
o# .....# o#
......# .#
##.....##.#.#
#.$...%@{...#
##.....##.###
##...# .#
##.# .# #. .#
# ##


There were no monsters in sight!

Vanquished Creatures
  3 dart slugs
  2 orcs (D:3)
  2 ball pythons
  A bat (D:1)
  4 endoplasms
  A giant cockroach (D:1)
  2 goblins
  3 hobgoblins (D:1)
  8 jackals
  2 quokkas
  2 frilled lizards (D:1)
  A kobold (D:1)
  6 rats
37 creatures vanquished.

Notes
Turn   | Place    | Note
-------+----------+-------------------------------------------
     0 | D:1      | qw the Gargoyle Fighter began the quest for the Orb.
     0 | D:1      | Reached XP level 1. HP: 14/14 MP: 1/1
     0 | D:1      | 0 ||| qw: Version: 0.2-a-108-gee2c290
     0 | D:1      | 0 ||| qw: Game counter: 1431
     0 | D:1      | 0 ||| qw: Always use a shield: true
     0 | D:1      | 0 ||| qw: God list: Okawaru
     0 | D:1      | 0 ||| qw: Allow faded altars: false
     0 | D:1      | 0 ||| qw: Do Orc after D:15 true
     0 | D:1      | 0 ||| qw: Do second Lair branch before Depths: true
     0 | D:1      | 0 ||| qw: Lair rune preference: random
     0 | D:1      | 0 ||| qw: Plans: Normal, Zot:1-4, Slime:5, God:TSO, Crypt,
                  | Tomb, Abyss, Pan, Hells, Win
     0 | D:1      | 0 ||| PLANNING D:1-11
   124 | D:1      | Reached XP level 2. HP: 19/19 MP: 2/2
   254 | D:1      | 254 ||| Stepping ~*~*~tactically~*~*~ (stealth).
   269 | D:1      | Reached skill level 3 in Axes
   332 | D:1      | Reached XP level 3. HP: 22/23 MP: 3/3
   433 | D:1      | 433 ||| DROPPING +0 club.
   821 | D:1      | 821 ||| UPGRADING to +0 chain mail.
   831 | D:1      | 831 ||| DROPPING +0 scale mail.
   832 | D:1      | 832 ||| DROPPING orb of light.
  1082 | D:2      | 1082 ||| READING scroll labelled LUEZXEUDGHEG.
  1114 | D:3      | 1114 ||| Stepping ~*~*~tactically~*~*~ (hiding).
  1148 | D:3      | Killed from afar by an orc wizard

Levels and vault maps discovered:
D:1:      amcnicky_arrival_single_pillar, layout_basic,
          hangedman_decor_clover_reticule
D:2:      kb_forest_paths, layout_basic
D:3:      layout_loops_ring, chequers_serial_rivers_small_3

Skill      XL: |  1  2 |
---------------+-------+-----
Axes           | 2 3 |  3.6
Fighting       | |  3.2
Armour         | |  3.2
Shields        | |  3.2

Action                     || total
---------------------------++-------
  Melee: War axe           ||   135
    Use: Scroll            ||     1
 Armour: Scale mail        ||    43
         Chain mail        ||    52
  Dodge: Dodged            ||    75
  Block: Buckler           ||    26

Table legend:
 A = Non-vault XP
 B = Vault XP
 C = Vault XP percentage of total XP
 D = Non-vault monster count
 E = Vault monster count
 F = Vault count percentage of total count
                 A         B        C        D         E       F
            +---------+---------+-------+---------+---------+-------
      Total |      71 |       0 |   0.0 |      37 |       0 |   0.0
            +---------+---------+-------+---------+---------+-------
        D:1 |      44 |       0 |   0.0 |      24 |       0 |   0.0
        D:2 |      19 |       0 |   0.0 |      10 |       0 |   0.0
        D:3 |       8 |       0 |   0.0 |       3 |       0 |   0.0
            +---------+---------+-------+---------+---------+-------
